 Dungeon Crawl Stone Soup version 0.27-a0-909-g0721f309d1 (webtiles) character file.

Game seed: 5833093174278486202

90 leviel the Skirmisher (level 4, -4/41 HPs)
             Began as a Hill Orc Fighter on Apr 8, 2021.
             Slain by Sigmund
             ... wielding a +0 scythe
              (10 damage)
             ... on level 2 of the Dungeon.
             The game lasted 00:02:48 (2179 turns).

leviel the Skirmisher (Hill Orc Fighter)            Turns: 2179, Time: 00:02:48

Health: -4/41      AC:  7    Str: 19    XL:     4   Next: 56%
Magic:  4/4        EV:  7    Int:  8    God:
Gold:   59         SH:  0    Dex: 10    Spells: 3/3 levels left

rFire    . . .     SeeInvis .   a - +0 long sword
rCold    . . .     Faith    .   c - +0 kite shield
rNeg     . . .     Spirit   .   b - +0 scale mail
rPois    .         Reflect  .   (no helmet)
rElec    .         Harm     .   (no cloak)
rCorr    .         Rampage  .   (no gloves)
Will     .....                  (no boots)
Stlth    ..........             (no amulet)
HPRegen  0.13/turn              (no ring)
MPRegen  0.09/turn              (no ring)

@: confused
A: no striking features
a: no special abilities


You were on level 2 of the Dungeon.
You visited 1 branch of the dungeon, and saw 2 of its levels.

You collected 59 gold pieces.

Inventory:

Hand Weapons
 a - a +0 long sword (weapon)
Missiles
 d - 16 poisoned darts (quivered)
Armour
 b - a +0 scale mail (worn)
 c - a +0 kite shield (worn)
Jewellery
 m - a ring of poison resistance
Scrolls
 f - a scroll of fear {unknown}
 g - 3 scrolls of identify {unknown}
 h - a scroll of noise {unknown}
 j - a scroll of vulnerability {unknown}
 k - 4 scrolls of silence {unknown}
 l - a scroll of teleportation {unknown}


   Skills:
 * Level 4.8 Fighting
 + Level 3.0 Long Blades
 + Level 0.0 Throwing
 + Level 3.9 Armour
 + Level 3.9 Shields


You had 3 spell levels left.
You didn't know any spells.
Your spell library was empty.

Dungeon Overview and Level Annotations

Branches:
Dungeon (2/15)

Altars:

Annotations:
D:2 Sigmund


Message History

No target in view!
No target in view!
No target in view!
No target in view!
No target in view!
No target in view!
No target in view!
No target in view!
No target in view!
No target in view!
You miss something.
You hear some strange, mumbled words.
A magic dart appears from out of thin air!
The magic dart hits you.
You hit something. You closely miss something. Something hits you.
You closely miss something. Something hits you but does no damage.
You closely miss something. You block something's attack.
Your shield and scale mail prevent you from hitting something.
Something hits you!
You closely miss something. Something hits you.
You closely miss something. You block something's attack.
You miss something. Something hits you!
It was a potion of cancellation.
Your magical effects are unravelling.
You feel magically purged.
You feel yourself slow down. You block something's attack.
You miss something. Something hits you but does no damage.
You hit something.
You hear some strange, mumbled words.
You are confused.
You hear some strange, mumbled words.
You are more confused.
You closely miss something. Something hits you!
* * * LOW HITPOINT WARNING * * *
You hear some strange, mumbled words.
Something tries to affect you, but you resist.
You bump into the rock wall.
Something hits you!
You die...

#################
#...............### #
#.########........# #### #
#.# #.####.#.# #..####
#.###### #.# #.#.# #..#...
#..#...###@####.#.###..#.##
##.#.#.....##..........#...
#.#.########.#.#####..####
#.#.#..........# ###.#####
#.#.#...####...# #........
#######.#.#....##.#..#
#.#...###
#.......#....>...###.#
#.#.#...#
#.####.###.....##.#.##
#####†..# #........####..#
#...#


There were no monsters in sight!

Vanquished Creatures
  An iguana (D:2)
  An adder (D:2)
  2 dart slugs (D:1)
  6 endoplasms
  A giant cockroach (D:2)
  5 goblins
  4 hobgoblins
  2 jackals (D:2)
  7 kobolds
  A quokka (D:1)
  4 ball pythons
  6 bats
  6 frilled lizards
  A rat (D:1)
47 creatures vanquished.

Notes
Turn   | Place    | Note
-------+----------+-------------------------------------------
     0 | D:1      | leviel the Hill Orc Fighter began the quest for the Orb.
     0 | D:1      | Reached XP level 1. HP: 19/19 MP: 1/1
   264 | D:1      | Reached XP level 2. HP: 18/27 MP: 2/2
   453 | D:1      | Reached skill level 4 in Fighting
   625 | D:1      | Reached XP level 3. HP: 29/33 MP: 3/3
  1448 | D:2      | Reached XP level 4. HP: 9/41 MP: 4/4
  2159 | D:2      | Noticed Sigmund
  2179 | D:2      | Slain by Sigmund

Illustrated notes

Levels and vault maps discovered:
D:1:      lemuel_arrival_broad_hall, layout_rooms, minmay_misc_feat_tower,
          minmay_distorted
D:2:      layout_loops_ring, serial_co_window_serial,
          co_window_of_opportunity_a, co_window_of_opportunity_a,
          co_window_paths_b, co_window_paths_a, co_window_corner_a,
          co_window_broadway_c, co_window_corner_b, co_window_broadway_b,
          co_window_broadway_c, shapermc_ecumenical_altar_flowoftime,
          hangedman_decor_lopped, feat_on_display, uniq_sigmund,
          uniq_crazy_yiuf_cottage

Skill      XL: |  1  2  3  4 |
---------------+-------------+-----
Fighting       | 4 |  4.8
Long Blades    | 3 |  3.0
Armour         | |  3.9
Shields        | |  3.9

Action                   |  1- 3 |  4- 6 || total
-------------------------+-------+-------++-------
Melee: Long sword        |   112 |    37 ||   149
  Use: Potion            |     1 |     2 ||     3
Armor: Scale mail        |    60 |    18 ||    78
Dodge: Dodged            |    45 |     9 ||    54
Block: Kite shield       |    75 |    19 ||    94
       Rpst.: Long sword |    18 |     1 ||    19

Table legend: (Time is in decaauts)
 A = Elapsed time spent in this place.
 B = Non-inter-level travel time spent in this place.
 C = Inter-level travel time spent in this place.
 D = Time resting spent in this place.
 E = Time spent auto-exploring this place.
 F = Levels seen in this place.
 G = Mean time per level.
                   A        B        C        D        E       F      G
               +--------+--------+--------+--------+--------+-----+--------+
         Total |   2247 |   2217 |     30 |    356 |   1512 |   2 | 1123.5 |
       Dungeon |   2247 |   2217 |     30 |    356 |   1512 |   2 | 1123.5 |
               +--------+--------+--------+--------+--------+-----+--------+

Top non-repeatable levels by time:
     D:2: 1146 daAuts
     D:1: 1101 daAuts
